 Seeded DCSS version 0.30-a0-187-gd9c2deaf24 (webtiles) character file.

Game seed: 12303166777707820612 (custom seed)

212 Nerdsrcool the Skirmisher (level 5, -2/31 HPs)
             Began as a Deep Elf Hunter on Oct 3, 2022.
             Killed by divine providence
             ... invoked by an orc priest
              (12 damage)
             ... on level 4 of the Dungeon.
             The game lasted 00:12:04 (2196 turns).

Nerdsrcool the Skirmisher (Deep Elf Hunter)         Turns: 2196, Time: 00:12:04

Health: -2/31      AC:  4    Str:  9 (11) XL:     5   Next: 58%
Magic:  7/7        EV: 16    Int: 15 (17) God:
Gold:   267        SH:  0    Dex: 17 (18) Spells: 4/4 levels left

rFire   . . .      SeeInvis .    a - +0 shortbow (freeze)
rCold   . . .      Faith    .    (shield currently unavailable)
rNeg    . . .      Spirit   .    c - +1 leather armour
rPois   +          Reflect  .    (no helmet)
rElec   .          Harm     .    (no cloak)
rCorr   .          Rampage  .    (no gloves)
Will    .....                    (no boots)
Stlth   ++........               (no amulet)
HPRegen 0.25/turn                q - ring of poison resistance
MPRegen 0.10/turn                v - +4 ring of evasion

@: no status effects
A: clever 1, strong 1
a: no special abilities


You were on level 4 of the Dungeon.
You visited 1 branch of the dungeon, and saw 4 of its levels.

You collected 267 gold pieces.

Inventory:

Hand Weapons
 a - a +0 shortbow of freezing (weapon)
 s - a +1 flail of draining
 w - a +0 short sword
Missiles
 d - 18 stones
 f - 6 poisoned darts
Armour
 c - a +1 leather armour (worn)
Jewellery
 j - a ring of see invisible
 q - a ring of poison resistance (left hand)
 v - a +4 ring of evasion (right hand)
Wands
 u - a wand of charming (9)
Scrolls
 b - 3 scrolls of immolation
 e - a scroll of torment {unknown}
 h - 2 scrolls of teleportation
 k - a scroll of magic mapping
 l - 2 scrolls of identify
 o - 2 scrolls of poison
Potions
 g - 4 potions of attraction
 i - 2 potions of curing


   Skills:
 + Level 2.4 Fighting
 + Level 0.1 Maces & Flails
 + Level 8.1 Ranged Weapons
 + Level 0.9 Armour
 + Level 2.8 Dodging
 + Level 1.4 Stealth


You had 4 spell levels left.
You didn't know any spells.
Your spell library contained the following spells:

 Spells                   Type           Power      Damage    Failure   Level
 Slow                     Hex            0%         N/A       36%         1
 Confusing Touch          Hex            0%         N/A       73%         3
 Vampiric Draining        Necr           0%         2d6       73%         3


Dungeon Overview and Level Annotations

Branches:
Dungeon (4/15)
 Temple: D:4-7

Altars:


Innate Abilities, Weirdness & Mutations

Your mind is acute. (Int +4, Str/Dex -1)
Your muscles are strong. (Str +4, Int/Dex -1)


Message History

You shoot an arrow. The arrow hits the ball python!
The ball python seems to slow down.
The arrow freezes the ball python.
You kill the ball python!
You see here a ball python corpse.
A worm comes into view.
You shoot an arrow. The arrow hits the worm!
The arrow freezes the worm.
The worm is almost dead.
You shoot an arrow.
The arrow hits the worm but does no damage.
The worm is almost dead.
You shoot an arrow.
The arrow hits the worm but does no damage.
The worm is almost dead.
You shoot an arrow. The arrow hits the worm!
The arrow freezes the worm.
You kill the worm!
j - a ring of see invisible An orc priest comes into view.
It is wielding a +0 short sword.
You shoot an arrow. The arrow hits the orc priest.
The arrow freezes the orc priest.
The orc priest is lightly wounded.
You hear a shout!
An orc priest comes into view. It is wielding a +0 club.
You hear a shout!
You shoot an arrow. The arrow barely misses the orc priest.
The arrow hits the orc priest.
The arrow freezes the orc priest.
The orc priest is moderately wounded.
The orc priest mumbles some strange prayers to Beogh against you.
Beogh smites you!
You shoot an arrow.
The arrow hits the orc priest but does no damage.
The orc priest is lightly wounded.
The orc priest calls down the wrath of Beogh upon you.
Beogh smites you!
The orc priest calls upon Beogh to heal the orc priest.
The orc priest is healed somewhat.
You are too injured to fight recklessly!
v - a +4 ring of evasion (right hand)
The orc priest invokes the aid of Beogh against you.
Beogh smites you!
You die...

............# #.# ##
#######†....##
#.##.# #.........#
#.#.#
####.##......###..#
.....##..........##
#########.........##
########...# #..#.#
#@.#.# #..# # #..#
#..# #o.# #..# #..#
#o.#


You could see an orc priest and an orc.

Vanquished Creatures
  An orc priest (D:3)
  6 adders
  A white imp (D:3)
  4 worms
  5 dart slugs
  6 orcs (D:3)
  8 endoplasms
  3 giant cockroaches
  7 goblins
  6 hobgoblins
  8 jackals
  6 kobolds
  3 quokkas
  9 ball pythons
  7 bats
  7 frilled lizards
  7 rats
94 creatures vanquished.

Notes
Turn   | Place    | Note
-------+----------+-------------------------------------------
     0 | D:1      | Nerdsrcool the Deep Elf Hunter began the quest for the Orb.
     0 | D:1      | Reached XP level 1. HP: 12/12 MP: 3/3
    76 | D:1      | Reached XP level 2. HP: 16/16 MP: 4/4
    81 | D:1      | Reached skill level 6 in Ranged Weapons
   289 | D:1      | Reached XP level 3. HP: 21/21 MP: 5/5
   543 | D:1      | Found a faded altar of an unknown god.
   739 | D:2      | Reached skill level 7 in Ranged Weapons
   959 | D:2      | Reached XP level 4. HP: 19/26 MP: 6/6
  1498 | D:3      | Reached XP level 5. HP: 27/27 MP: 7/7
  1709 | D:3      | Reached skill level 8 in Ranged Weapons
  2087 | D:3      | Gained mutation: Your mind is acute. (Int +4, Str/Dex -1)
                  | [potion of mutation]
  2087 | D:3      | Gained mutation: Your muscles are strong. (Str +4, Int/Dex
                  | -1) [potion of mutation]
  2196 | D:4      | Killed from afar by an orc priest

Illustrated notes

Levels and vault maps discovered:
D:1:      elethiomel_arrival_infinity_welcomes_careful_drivers, layout_rooms,
          ebering_ecumenical_altar_rust
D:2:      layout_rooms
D:3:      layout_loops_ring, kennysheep_orc_chapel
D:4:      layout_loops_ring, uniq_eustachio, uniq_natasha, uniq_grinder

Skill      XL: |  1  2  3  4  5 |
---------------+----------------+-----
Ranged Weapons | 6 7 8 |  8.1
Fighting       | 2 |  2.4
Maces & Flails | |  0.1
Armour         | |  0.9
Dodging        | |  2.8
Stealth        | |  1.4

Action                   |  1- 3 |  4- 6 || total
-------------------------+-------+-------++-------
Melee: Flail             |       |     9 ||     9
 Fire: Shortbow          |   106 |    94 ||   200
  Use: Scroll            |     8 |     2 ||    10
       Potion            |     4 |     6 ||    10
Armor: Leather armour    |    12 |    19 ||    31
Dodge: Dodged            |    30 |    31 ||    61

Table legend: (Time is in decaauts)
 A = Elapsed time spent in this place.
 B = Non-inter-level travel time spent in this place.
 C = Inter-level travel time spent in this place.
 D = Time resting spent in this place.
 E = Time spent auto-exploring this place.
 F = Levels seen in this place.
 G = Mean time per level.
                   A        B        C        D        E       F      G
               +--------+--------+--------+--------+--------+-----+--------+
         Total |   2238 |   2143 |     95 |    215 |   1192 |   4 |  559.5 |
       Dungeon |   2238 |   2143 |     95 |    215 |   1192 |   4 |  559.5 |
               +--------+--------+--------+--------+--------+-----+--------+

Top non-repeatable levels by time:
     D:3: 816 daAuts
     D:1: 705 daAuts
     D:2: 632 daAuts
     D:4: 85 daAuts
